 Dungeon Crawl Stone Soup version 0.30-a0-358-g0d69a1922f (webtiles) character file.

Game seed: 4735252849668200469

8984 IdlyInterested the Carver (level 11, -2/89 HPs)
             Began as a Demonspawn Wanderer on Nov 9, 2022.
             Slain by a kobold brigand
             ... wielding a +0 short sword
              (6 damage)
             ... on level 9 of the Dungeon.
             The game lasted 00:35:14 (8580 turns).

IdlyInterested the Carver (Demonspawn Wanderer)     Turns: 8580, Time: 00:35:16

Health: -2/89      AC:  9    Str: 13    XL:     11   Next: 17%
Magic:  17/17      EV: 14    Int: 15    God:
Gold:   539        SH:  0    Dex: 19    Spells: 18/18 levels left

rFire   . . .      SeeInvis .    w - +0 long sword
rCold   + . .      Faith    .    (no shield)
rNeg    . . .      Spirit   .    v - +4 steam dragon scales
rPois   +          Reflect  +    (no helmet)
rElec   .          Harm     .    (no cloak)
rCorr   .          Rampage  .    (gloves unavailable)
Will    .....                    (no boots)
Stlth   +++.......               i - amulet of reflection
HPRegen 0.34/turn                x - ring of poison resistance
MPRegen 0.30/turn                t - ring of protection from cold

@: confused, ambrosia-drunk, on berserk cooldown, slowed, very slow
A: thin skeletal structure 2, ignite blood 1, magic regeneration, demonic touch
3
a: no special abilities


You were on level 9 of the Dungeon.
You visited 2 branches of the dungeon, and saw 10 of its levels.

You collected 539 gold pieces.

Inventory:

Hand Weapons
 h - a +2 dagger of speed
 j - a +2 antimagic short sword
 l - a +3 short sword
 o - a +1 falchion
 w - a +0 long sword (weapon)
 A - the +7 spear "Qavuypite" {protect, +Blink rF+ rN+ Int+3}
   (You found it on level 8 of the Dungeon)

   It grants its wielder temporary protection when it strikes (+7 to AC).
   Int:       It affects your intelligence (+3).
   rF:        It protects you from fire.
   rN:        It protects you from negative energy.
   +Blink:    It lets you blink.
 D - a +0 rapier
Missiles
 a - 14 boomerangs of dispersal
 z - 2 curare-tipped darts
 G - 3 datura-tipped darts
Armour
 v - +4 steam dragon scales (worn)
Jewellery
 i - an amulet of reflection (around neck)
 k - a ring of protection from fire
 n - a ring of resist corrosion
 t - a ring of protection from cold (right hand)
 x - a ring of poison resistance (left hand)
 E - a ring of flight
 H - a ring of ice
Wands
 d - a wand of flame (3) (quivered)
Scrolls
 c - 2 scrolls of fear
 e - 5 scrolls of amnesia
 u - 5 scrolls of teleportation
 B - 2 scrolls of enchant weapon
 F - 3 scrolls of blinking
Potions
 b - 2 potions of brilliance
 g - a potion of magic
 m - a potion of lignification
 p - 2 potions of attraction
 q - 3 potions of curing
 r - a potion of mutation
 I - 2 potions of cancellation {unknown}
Miscellaneous
 y - a phial of floods


   Skills:
 + Level 9.1 Fighting
 * Level 11.9 Long Blades
 * Level 1.1 Throwing
 - Level 2.0 Armour
 - Level 4.0 Dodging
 - Level 2.0 Stealth
 - Level 4.0 Unarmed Combat
 - Level 4.0 Spellcasting
 - Level 1.0 Summonings
 - Level 2.0 Evocations


You had 18 spell levels left.
You didn't know any spells.
Your spell library contained the following spells:

 Spells                   Type           Power      Damage    Failure   Level
 Summon Small Mammal      Summ           24%        N/A       12%         1
 Apportation              Tloc           6%         N/A       19%         1
 Foxfire                  Conj/Fire      12%        2x1d4     19%         1
 Summon Guardian Golem    Hex/Summ       4%         N/A       41%         3
 Dazzling Flash           Conj/Hex       6%         N/A       47%         3
 Gell's Gravitas          Tloc           3%         N/A       47%         3
 Lesser Beckoning         Tloc           6%         N/A       47%         3
 Ozocubu's Armour         Ice            3%         N/A       47%         3
 Portal Projectile        Hex/Tloc       6%         N/A       47%         3
 Teleport Other           Tloc           3%         N/A       47%         3
 Tukima's Dance           Hex            3%         N/A       47%         3
 Vhi's Electric Charge    Tloc/Air       6%         N/A       47%         3
 Arcjolt                  Conj/Air       1%         1d11      99%         5
 Blade Hands              Tmut           1%         N/A       99%         5
 Maxwell's Capacitive Co  Air            1%         ∞         100%        8


Dungeon Overview and Level Annotations

Branches:
Dungeon (9/15)             Temple (1/1) D:5
   Lair: D:8-11         Orc: D:9-12

Altars:
Ashenzari
Cheibriados
Dithmenos
Fedhas
Hepliaklqana
Kikubaaqudgha
Makhleb
Nemelex Xobeh
Okawaru
Qazlal
Ru
Sif Muna
Trog
Uskayaw
Vehumet
Wu Jian
Xom
Yredelemnul

Portals:
Abyss: D:6


Innate Abilities, Weirdness & Mutations

You have a moderately thin skeletal structure. (Dex +4, Stealth++)
Your demonic aura sometimes causes spilled blood to erupt in flames.
You regenerate magic rapidly.
Your touch may irresistibly damage your foes and sap their willpower.


Message History

The wolf completely misses you. The wolf barely misses you.
A kobold brigand comes into view.
It is wielding a +0 dagger and quivering poisoned darts.
The kobold brigand hits you but does no damage. x2
The kobold closely misses you. The wolf closely misses you.
A kobold brigand comes into view.
It is wielding a +0 dagger and quivering curare-tipped darts.
You miss the kobold brigand.
The kobold brigand is lightly wounded.
The wolf closely misses you. You block the kobold brigand's attack.
The wolf barely misses you.
Unknown command.
You are confused.
You feel invigorated. The wolf closely misses you.
The kobold brigand barely misses you. The wolf barely misses you.
A kobold brigand comes into view.
It is wielding a +0 dagger and quivering poisoned darts.
The kobold brigand hits you with a +0 short sword!
* * * LOW HITPOINT WARNING * * *
The kobold brigand closely misses you.
You closely miss the kobold brigand.
The kobold brigand shouts!
Your touch misses the kobold brigand.
You hear a shout!
The wolf closely misses you. The wolf completely misses you.
The kobold brigand hits you with a +0 club!
* * * LOW HITPOINT WARNING * * *
The kobold brigand misses you. The kobold brigand closely misses you.
You hit the kobold brigand.
The kobold brigand is lightly wounded.
The wolf bites you.
* * * LOW HITPOINT WARNING * * *
The wolf bites you!
* * * LOW HITPOINT WARNING * * *
The kobold brigand completely misses you.
The kobold brigand misses you. x2
You closely miss the kobold brigand.
The kobold brigand is lightly wounded.
The wolf bites you.
* * * LOW HITPOINT WARNING * * *
The wolf bites you but does no damage.
The kobold brigand barely misses you. x2
The kobold brigand hits you with a +0 short sword.
You die...

....# #.........###
....# #.........#.##.
....# #...........#..
....# #....)..#......
)...### #.))..........
))).'.# #.).).)....#
....#.###...)#)...##
....#..##........K.##
....##..'.....#.@hK.#
....#####....!#KKK......
'#### #...............
.# ##+#####........ .#
###..KK.. .# #.....
'#### #K#K# )...# ..K.
<.).#


You could see 7 kobold brigands, a wolf and 3 kobolds.

Vanquished Creatures
  The ghost of tonyyikes the Digger, a novice TrEE (D:7)
  An ugly thing (D:6)
  The ghost of arpsito the Trooper, a novice MiBe of Trog (D:6)
  A toenail golem (D:6)
  Maggie (D:7)
  A rime drake (D:9)
  The ghost of Iich the Chopper, an amateur MiBe of Trog (D:4)
  A small abomination (D:6)
  A wraith (D:8)
  7 yaks
  A steam dragon (D:6)
  A water moccasin (D:7)
  2 orc warriors
  2 black bears
  2 sky beasts
  4 ice beasts
  A wolf (D:9)
  6 ogres
  4 centaurs
  3 phantoms
  8 kobold brigands
  3 bullfrogs
  A gnoll sergeant (D:7)
  3 necrophages
  7 scorpions
  6 wights (D:7)
  A water moccasin skeleton (D:4)
  2 howler monkeys
  A jelly (D:6)
  A quasit (D:6)
  5 hounds
  A centaur skeleton (D:4)
  A gnoll bouda (D:9)
  4 orc priests
  Ijyb (D:3)
  16 orc wizards
  5 iguanas
  5 adders
  12 gnolls
  A howler monkey skeleton (D:4)
  A shadow imp (D:6)
  3 white imps
  3 worms (D:4)
  2 dart slugs (D:2)
  31 orcs
  8 ball pythons
  4 bats (D:1)
  13 endoplasms
  7 giant cockroaches
  16 goblins
  6 hobgoblins
  5 jackals
  12 kobolds
  2 quokkas
  A frilled lizard (D:2)
  6 rats
246 creatures vanquished.

Vanquished Creatures (others)
  A plant (D:1)
1 creature vanquished.

Grand Total: 247 creatures vanquished

Notes
Turn   | Place    | Note
-------+----------+-------------------------------------------
     0 | D:1      | IdlyInterested the Demonspawn Wanderer began the quest for
                  | the Orb.
     0 | D:1      | IdlyInterested set off with the following items: a +0 club,
                  | a potion of brilliance, a +0 robe, a wand of flame (3); and
                  | the following spells available to memorise: Summon Small
                  | Mammal, Apportation, Foxfire, Summon Guardian Golem,
                  | Dazzling Flash, Ozocubu's Armour.
     0 | D:1      | Reached XP level 1. HP: 13/13 MP: 5/5
   247 | D:1      | Reached skill level 1 in Fighting
   247 | D:1      | Gained mutation: You have a somewhat thin skeletal
                  | structure. (Dex +2, Stealth+) [demonic ancestry]
   247 | D:1      | Reached XP level 2. HP: 21/21 MP: 7/7
   291 | D:1      | Reached skill level 1 in Stealth
   549 | D:1      | Reached skill level 1 in Armour
   549 | D:1      | Gained mutation: Your demonic aura sometimes causes spilled
                  | blood to erupt in flames. [demonic ancestry]
   549 | D:1      | Reached XP level 3. HP: 25/27 MP: 8/8
   828 | D:1      | Found a faded altar of an unknown god.
  1650 | D:3      | Gained mutation: You have a moderately thin skeletal
                  | structure. (Dex +4, Stealth++) [demonic ancestry]
  1650 | D:3      | Reached XP level 4. HP: 34/34 MP: 10/10
  1723 | D:3      | Found a hide-covered altar of Uskayaw.
  2239 | D:3      | Found a radiant altar of Vehumet.
  2250 | D:3      | Found an ancient bone altar of Kikubaaqudgha.
  2257 | D:3      | Gained mutation: You regenerate magic rapidly. [demonic
                  | ancestry]
  2257 | D:3      | Reached XP level 5. HP: 22/42 MP: 11/11
  2338 | D:3      | Found a shimmering blue altar of Sif Muna.
  2445 | D:3      | Found an ornate altar of the Wu Jian Council.
  2475 | D:3      | Noticed Ijyb
  2487 | D:3      | Killed Ijyb
  2899 | D:4      | Noticed an ogre
  2903 | D:4      | Killed an ogre
  2904 | D:4      | Reached XP level 6. HP: 49/49 MP: 12/12
  3149 | D:4      | Found a transporter.
  3151 | D:4      | Noticed Iich's ghost (amateur MiBe)
  3193 | D:4      | Reached skill level 5 in Fighting
  3256 | D:4      | Noticed a sky beast
  3284 | D:4      | Killed a sky beast
  3285 | D:4      | Gained mutation: Your touch may inflict minor irresistible
                  | damage on your foes. [demonic ancestry]
  3285 | D:4      | Reached XP level 7. HP: 15/58 MP: 13/13
  3498 | D:4      | Found a transporter.
  3671 | D:4      | Reached skill level 1 in Long Blades
  3675 | D:4      | Killed Iich's ghost
  3676 | D:4      | Reached skill level 2 in Long Blades
  3756 | D:5      | Entered Level 5 of the Dungeon
  3791 | D:5      | Reached skill level 3 in Long Blades
  3791 | D:5      | Gained mutation: Your touch may inflict irresistible damage
                  | on your foes. [demonic ancestry]
  3791 | D:5      | Reached XP level 8. HP: 42/65 MP: 14/14
  3866 | D:5      | Found a staircase to the Ecumenical Temple.
  3891 | Temple   | Entered the Ecumenical Temple
  4146 | D:5      | Reached skill level 1 in Unarmed Combat
  4407 | D:5      | Found a sacrificial altar of Ru.
  4535 | D:5      | Found a hazy altar of Hepliaklqana.
  4708 | D:6      | Reached skill level 4 in Long Blades
  4920 | D:6      | Reached skill level 5 in Long Blades
  4954 | D:6      | Reached skill level 6 in Long Blades
  5033 | D:6      | Reached XP level 9. HP: 57/72 MP: 15/15
  5251 | D:6      | Reached skill level 7 in Long Blades
  5640 | D:6      | Reached skill level 8 in Long Blades
  5656 | D:6      | Noticed a toenail golem
  5669 | D:6      | Found a transporter.
  5673 | D:6      | Noticed a purple ugly thing
  5685 | D:6      | Found a transporter.
  5686 | D:6      | Found a one-way gate to the infinite horrors of the Abyss.
  5686 | D:6      | Noticed arpsito's ghost (novice MiBe)
  5799 | D:6      | Killed a purple ugly thing
  5861 | D:6      | Killed a toenail golem
  5862 | D:6      | Reached skill level 9 in Long Blades
  5862 | D:6      | Gained mutation: Your touch may irresistibly damage your
                  | foes and sap their willpower. [demonic ancestry]
  5862 | D:6      | Reached XP level 10. HP: 51/80 MP: 16/16
  5965 | D:6      | Killed arpsito's ghost
  6365 | D:7      | Found a transporter.
  6616 | D:7      | Noticed tonyyikes's ghost (novice TrEE)
  6617 | D:7      | Found a transporter.
  6741 | D:7      | Reached skill level 10 in Long Blades
  7088 | D:7      | Noticed Maggie
  7096 | D:7      | Killed Maggie
  7259 | D:7      | Found a burning altar of Makhleb.
  7259 | D:7      | Noticed an Executioner
  7262 | D:7      | Noticed a smoke demon
  7396 | D:7      | Killed tonyyikes's ghost
  7621 | D:7      | Reached skill level 11 in Long Blades
  7648 | D:8      | Identified the +7 spear "Qavuypite" {protect, +Blink rF+
                  | rN+ Int+3}
  8302 | D:8      | Reached XP level 11. HP: 87/87 MP: 17/17
  8447 | D:9      | Found a broken altar of Ashenzari.
  8542 | D:9      | HP: 4/89 [rime drake/icy flash freeze (21)]
  8564 | D:9      | HP: 3/89 [kobold brigand/+0 club (3)]
  8579 | D:9      | HP: 2/89 [wolf (7)]
  8580 | D:9      | Slain by a kobold brigand

Illustrated notes

Levels and vault maps discovered:
D:1:      eino_arrival_water_cross, layout_basic,
          shapermc_ecumenical_altar_hornbeckon
D:2:      layout_rooms, kennysheep_generic_room_12
D:3:      layout_loops_corners, palyth_temple_overflow_mages,
          mainiacjoe_overflow_catwalk, gammafunk_temple_overflow_wave,
          st_stairs_10, dk_vineyard_1, uniq_ijyb
D:4:      layout_rooms, gammafunk_ghost_mausoleum
D:5:      layout_cave_pools, nicolae_ru_great_annihilating_truth,
          lemuel_tele_altar, minmay_temple_entry_sparse_star
D:6:      kennysheep_windowed_halls, layout_gridville,
          gammafunk_ghost_abyssal_escape, minmay_unpleasant_kobolds
D:7:      layout_basic, makhleb_altar_promises_db, gammafunk_ghost_smash,
          grunt_decor_arrowhead, uniq_maggie
D:8:      layout_rooms, minmay_manual_mandibuliform
D:9:      layout_roguey [special_room_kobold], ashenzari_altar_1,
          hellmonk_lair_entry_icy, enter_bailey_3
Temple:   grunt_temple_mini_profane

Skill      XL: |  1  2  3  4  5  6  7  8  9 10 11 |
---------------+----------------------------------+-----
Dodging        | 2 3 4 |  4.0
Fighting       | 1 2 3 4 6 7 8 9 |  9.1
Stealth        | 1 2 |  2.0
Armour         | 1 2 |  2.0
Long Blades    | 3 6 9 11 | 11.9
Unarmed Combat | 2 3 4 |  4.0
Evocations     | 2 |  2.0
Throwing       | |  1.1
Spellcasting   | |  4.0
Summonings     | |  1.0

Action                   |  1- 3 |  4- 6 |  7- 9 | 10-12 || total
-------------------------+-------+-------+-------+-------++-------
Melee: Club              |    21 |       |       |       ||    21
       Spear             |     4 |       |       |       ||     4
       Whip              |   120 |    99 |       |       ||   219
       Mace              |     5 |    68 |       |       ||    73
       Dagger            |       |     1 |       |       ||     1
       Long sword        |       |       |   222 |   270 ||   492
       Touch             |       |       |    63 |    62 ||   125
       Falchion          |       |       |     3 |       ||     3
       Punch             |       |       |     4 |    14 ||    18
Throw: Dart              |       |       |       |     1 ||     1
Evoke: Wand              |       |     4 |     3 |    12 ||    19
  Use: Scroll            |     3 |     3 |    12 |     6 ||    24
       Potion            |     1 |     1 |     4 |     8 ||    14
 Stab: Sleeping          |    11 |     9 |     5 |     4 ||    29
       Paralysed         |       |       |     2 |       ||     2
       Distracted        |       |       |     1 |     1 ||     2
Armor: Robe              |    28 |    13 |       |       ||    41
       Chain mail        |       |    36 |    40 |       ||    76
       Leather armour    |       |       |    41 |    27 ||    68
       Steam dragon scal |       |       |       |    55 ||    55
Dodge: Dodged            |    77 |    33 |   115 |   187 ||   412
Block: Kite shield       |     4 |   129 |       |       ||   133
       Other             |     3 |       |    73 |    69 ||   145
       Reflection        |       |       |     1 |     4 ||     5

Table legend: (Time is in decaauts)
 A = Elapsed time spent in this place.
 B = Non-inter-level travel time spent in this place.
 C = Inter-level travel time spent in this place.
 D = Time resting spent in this place.
 E = Time spent auto-exploring this place.
 F = Levels seen in this place.
 G = Mean time per level.
                   A        B        C        D        E       F      G
               +--------+--------+--------+--------+--------+-----+--------+
         Total |   8668 |   7827 |    841 |   1619 |   3602 |  10 |  866.8 |
       Dungeon |   8448 |   7652 |    796 |   1619 |   3432 |   9 |  938.7 |
        Temple |    219 |    174 |     45 |      0 |    170 |   1 |  219.0 |
               +--------+--------+--------+--------+--------+-----+--------+

Top non-repeatable levels by time:
     D:6: 1691 daAuts
     D:7: 1424 daAuts
     D:3: 1259 daAuts
     D:1: 1096 daAuts
     D:4: 981 daAuts
     D:8: 670 daAuts
     D:5: 621 daAuts
     D:2: 583 daAuts
  Temple: 219 daAuts
     D:9: 120 daAuts
